 Dungeon Crawl Stone Soup version 0.17-a0-977-g4154171 (webtiles) character file.

3077 boffreak the Cleaver (level 10, -1/63 HPs)
             Began as a Formicid Fighter on May 10, 2015.
             Was an Initiate of Gozag.
             Shot with a bolt by an orc warrior (5 damage)
             ... in a bailey.
             The game lasted 00:08:14 (7004 turns).

boffreak the Cleaver (Formicid Fighter)             Turns: 7004, Time: 00:08:14

Health: -1/63      AC: 14    Str: 24    XL:     10   Next: 12%
Magic:  10/10      EV: 15    Int:  8    God:    Gozag
Gold:   438        SH: 11    Dex: 10    Spells: 1 memorised, 7 levels left

rFire  + + .     SeeInvis +     w - +0 broad axe
rCold  x . .     Clarity  .     I - +0 fire dragon armour
rNeg   . . .     SustAb   .     c - +0 shield
rPois  +         Gourm    .     (helmet unavailable)
rElec  .         Spirit   .     l - +0 cloak
rCorr  .         Warding  .     (no gloves)
rMut   .         Stasis   +     s - +1 pair of boots
MR     +....                    (no amulet)
Stlth  ..........               G - ring of poison resistance
                                p - +6 ring of evasion

@: somewhat resistant to hostile enchantments, extremely unstealthy
A: permanent stasis, dig shafts and tunnels, four strong arms, antennae 3, frail
1, mutation resistance 1
a: Dig, Shaft Self, Potion Petition, Call Merchant, Bribe Branch, Renounce
Religion


You were in a bailey.
You worshipped Gozag.
Gozag was noncommittal.
You were not hungry.

You visited 2 branches of the dungeon, and saw 9 of its levels.
You also visited: Bailey.

You collected 1062 gold pieces.
You paid 624 gold pieces to Gozag.

Inventory:

Hand weapons
 a - a +0 war axe
 w - a +0 broad axe (weapon)
 L - a +0 club
Armour
 b - a +0 scale mail
 c - a +0 shield (worn)
 i - a +0 chain mail
 l - a +0 cloak (worn)
 s - a +1 pair of boots (worn)
 B - a -2 plate armour
 I - a +0 fire dragon armour (worn)
Jewellery
 p - a +6 ring of evasion (left hand)
 v - a +2 ring of intelligence
 G - a ring of poison resistance (right hand)
Magical devices
 m - a wand of polymorph (10)
 q - a wand of slowing (13)
 H - a wand of cold (7)
Scrolls
 d - a scroll of random uselessness {unknown}
 g - a scroll of blinking {unknown}
 h - a scroll of vulnerability {unknown}
 j - a scroll of remove curse
 r - a scroll of enchant weapon {unknown}
 x - 6 scrolls of identify {unknown}
 y - 2 scrolls of recharging {unknown}
 A - 2 scrolls of amnesia {unknown}
 C - a scroll of fog {unknown}
 E - 3 scrolls of noise {unknown}
 F - a scroll of immolation {unknown}
 O - a scroll of enchant armour
Potions
 k - a potion of mutation
 n - 2 potions of agility
 o - 3 potions of curing
 u - a potion of ambrosia {unknown}
 z - 2 potions of haste
 D - 2 potions of magic
 K - a potion of degeneration {unknown}
Books
 t - a book of Spatial Translocations

   Spells                             Type                      Level
   a - Apportation                    Translocation                1
   b - Blink                          Translocation                2
   c - Shroud of Golubria             Charms/Translocation         2
   d - Portal Projectile              Translocation                3
   e - Teleport Other                 Translocation                3
   f - Passage of Golubria            Translocation                4
 J - a book of Debilitation

   Spells                             Type                      Level
   a - Corona                         Hexes                        1
   b - Slow                           Hexes                        2
   c - Gell's Gravitas                Hexes/Translocation          3
   d - Inner Flame                    Hexes/Fire                   3
   e - Cause Fear                     Hexes                        4
   f - Leda's Liquefaction            Hexes/Earth                  4
 N - a book of Minor Magic

   Spells                             Type                      Level
   a - Magic Dart                     Conjuration                  1
   b - Blink                          Translocation                2
   c - Call Imp                       Summoning                    2
   d - Repel Missiles                 Charms/Air                   2
   e - Slow                           Hexes                        2
   f - Conjure Flame                  Conjuration/Fire             3
   g - Mephitic Cloud                 Conjuration/Poison/Air       3
Comestibles
 e - 6 bread rations
 f - 3 meat rations


   Skills:
 - Level 3.2 Fighting
 * Level 9.6 Axes
 + Level 7.9 Armour
 + Level 9.1 Shields


You had 7 spell levels left.
You knew the following spells:

 Your Spells              Type           Power        Failure   Level  Hunger
a - Shroud of Golubria    Chrm/Tloc      #.........   98%         2    ###....


Dungeon Overview and Level Annotations

Branches:
Dungeon (8/15)             Temple (1/1) D:4
   Lair: D:8-11

Altars:
Ashenzari
Cheibriados
Dithmenos
Elyvilon
Fedhas
Gozag
Kikubaaqudgha
Makhleb
Nemelex Xobeh
Okawaru
Qazlal
Ru
Sif Muna
Vehumet
Xom
Yredelemnul

Shops:
D:8 **:}   D:9 [


Innate Abilities, Weirdness & Mutations

You are under a permanent stasis effect.
You can dig through walls and to a lower floor.
Your four strong arms can wield two-handed weapons with a shield.
You have a pair of large antennae on your head (SInv).
You are frail (-10% HP).
You are somewhat resistant to further mutation.


Message History

The bolt hits you but does no damage. You block the orc knight's attack.
You regained 29 hp, and now have 36/63 hp.
The orc warrior shoots a bolt.
You block the bolt.
The orc knight roars a battlecry!
The orc warriors go into a battle-frenzy!
You see here 3 bolts.
You block the orc knight's attack.
You see here 2 bolts.
The orc warrior shoots a bolt.
You block the bolt.
The orc knight hits you from afar with a glaive!!
* * * LOW HITPOINT WARNING * * *
The orc warrior shoots a bolt.
You block the bolt.
The orc knight hits you from afar with a glaive!
* * * LOW HITPOINT WARNING * * *
You see here 2 bolts.
You take 33 damage, and have 4/63 hp.
MASSIVE DAMAGE!!
The orc warrior shoots a bolt.
You block the bolt.
The orc warrior shoots a bolt.
The bolt hits you.
You die...
Your body crumbles into a pile of gold.

### ##
##∩###########.##
#.∩.##((oo(##..)#
≈..#..(#.(≈≈≈((#...# $
o≈≈.....@.≈≈o≈≈o#(.(#
oo≈.......≈ooo≈.'...#
≈o≈≈.......≈≈o≈≈.#..$#
≈≈≈..#...#..≈≈≈..#...#
....##...##.....##o.[#
#### ##∩###########.##
## ##


You could see 2 orc knights, 6 orc warriors and an orc (frenzied).

Vanquished Creatures
  Joseph (D:7)
  The ghost of 4thArraOfDagon the Chopper, an experienced MiAK of Lugonu (D:8)
  Sigmund (D:6)
  2 ice beasts
  A sky beast (D:6)
  2 centaurs
  4 ogres
  6 giant frogs
  A wyvern skeleton (D:6)
  3 crimson imps
  A centaur zombie (D:5)
  A giant frog zombie (D:7)
  A centaur skeleton (D:6)
  A hound (D:5)
  An orc priest (D:4)
  3 iguanas
  2 orc wizards
  3 giant frog skeletons
  10 worker ants
  2 worker ant zombies
  Robin (D:4)
  13 gnolls
  10 adders
  A shadow imp (D:5)
  An ooze (D:3)
  3 worms
  6 giant geckos
  15 orcs
  15 bats
  2 bat zombies (D:6)
  14 hobgoblins
  13 jackals
  12 kobolds
  4 giant cockroaches
  A giant cockroach zombie (D:6)
  A giant gecko skeleton (D:6)
  3 giant gecko zombies
  5 giant newts
  24 goblins
  3 quokkas
  13 rats
  3 ballistomycetes (D:7)
210 creatures vanquished.

Vanquished Creatures (others)
  A giant spore (D:7)
1 creature vanquished.

Grand Total: 211 creatures vanquished

Notes
Turn   | Place    | Note
--------------------------------------------------------------
     0 | D:1      | boffreak, the Formicid Fighter, began the quest for the Orb.
     0 | D:1      | Reached XP level 1. HP: 18/18 MP: 1/1
   170 | D:1      | Reached XP level 2. HP: 21/24 MP: 2/2
   343 | D:1      | Reached skill level 4 in Shields
   520 | D:1      | Reached XP level 3. HP: 27/29 MP: 3/3
  1100 | D:2      | Reached XP level 4. HP: 31/35 MP: 4/4
  1760 | D:3      | Reached XP level 5. HP: 29/41 MP: 5/5
  1764 | D:3      | Gained mutation: You are somewhat resistant to further mutation. [potion of mutation]
  1764 | D:3      | Gained mutation: You are frail (-10% HP). [potion of mutation]
  2362 | D:3      | Reached skill level 5 in Shields
  2372 | D:3      | Reached XP level 6. HP: 32/42 MP: 6/6
  2492 | D:3      | Noticed a giant frog
  2499 | D:3      | Killed a giant frog
  3027 | D:4      | Found a deep blue altar of Sif Muna.
  3247 | D:4      | Noticed Robin
  3272 | D:4      | Killed Robin
  3272 | D:4      | Reached XP level 7. HP: 46/46 MP: 7/7
  3318 | D:4      | Reached skill level 5 in Axes
  3409 | D:4      | Reached skill level 5 in Armour
  3578 | D:4      | Reached skill level 6 in Shields
  3682 | D:4      | Found a staircase to the Ecumenical Temple.
  3720 | Temple   | Entered the Ecumenical Temple
  3811 | Temple   | Became a worshipper of Gozag Ym Sagoz the Greedy
  4101 | D:5      | Entered Level 5 of the Dungeon
  4275 | D:5      | Reached XP level 8. HP: 52/52 MP: 8/8
  4369 | D:5      | Found a stormy altar of Qazlal.
  5009 | D:6      | Reached skill level 7 in Shields
  5054 | D:6      | Noticed Sigmund
  5070 | D:6      | Killed Sigmund
  5126 | D:6      | Reached XP level 9. HP: 30/57 MP: 9/9
  5485 | D:6      | Reached skill level 8 in Axes
  5782 | D:7      | Found a basalt altar of Yredelemnul.
  5980 | D:7      | Noticed Joseph
  5989 | D:7      | Killed Joseph
  6173 | D:7      | Reached skill level 9 in Axes
  6505 | D:8      | Found Ticidd's General Store.
  6527 | D:8      | Found a white marble altar of Elyvilon.
  6585 | D:8      | Noticed 4thArraOfDagon's ghost (experienced MiAK)
  6600 | D:8      | Killed 4thArraOfDagon's ghost
  6600 | D:8      | Reached XP level 10. HP: 39/63 MP: 10/10
  6710 | D:8      | Found Vaquxe's Assorted Antiques.
  6748 | D:8      | Found Ropriuno's Gadget Boutique.
  6793 | D:8      | Learned a level 2 spell: Shroud of Golubria
  6891 | D:8      | Found Upriyrph's Book Shop.
  6950 | D:8      | Found a flagged portal.
  6977 | Bailey   | Entered a bailey
  6978 | Bailey   | Noticed an orc knight
  6988 | Bailey   | Noticed an orc knight
  7004 | Bailey   | Shot with a bolt by an orc warrior

Vault maps used:
D:1:      eino_arrival_druids_welcome
D:2:      first_bread
D:4:      temple_statues, corexii_shack, tgw_sif, uniq_robin
D:5:      basic_altar, grunt_ministairs_15
D:6:      serial_undead, serial_undead_c, serial_undead_e, serial_undead_d,
          serial_undead_d, minivault_26, uniq_sigmund
D:7:      basic_altar, uniq_joseph
D:8:      old_standard_altar, enter_bailey_7, serial_shops,
          kennysheep_mini_moat, shop, nicolae_shop_stone, nicolae_shop_crystal,
          nicolae_shop_crystal
Temple:   kilobyte_greek_temple_18
Bailey:   bailey_polearm_4, bailey

Action                   |  1- 3 |  4- 6 |  7- 9 | 10-12 || total
-------------------------+-------+-------+-------+-------++-------
Melee: War axe           |   102 |    55 |       |       ||   157
       Broad axe         |       |   157 |   348 |    44 ||   549
Invok: Call Merchant     |       |       |     1 |       ||     1
 Abil: Dig               |       |     1 |       |       ||     1
  Use: Potion            |       |     4 |     5 |     1 ||    10
       Scroll            |       |     3 |     1 |       ||     4
 Stab: Invisible         |       |     2 |       |       ||     2
       Distracted        |       |       |     1 |       ||     1
  Eat: Chunk             |     1 |     6 |     3 |       ||    10
       Fruit             |       |     1 |     1 |       ||     2
       Pizza             |       |       |     3 |       ||     3
       Beef jerky        |       |       |     2 |     1 ||     3
